 Dungeon Crawl Stone Soup version 0.30.1-9-gdf580d7c3d (webtiles) character file.

Game seed: 11802889492326557521

10617 Chiseanne the Fighter (level 11, -1/90 HPs)
             Began as a Demonspawn Wanderer on Oct 11, 2023.
             Was an Initiate of Gozag.
             Shot with an arrow by Nessos (2 damage)
             ... on level 12 of the Dungeon.
             The game lasted 00:28:29 (12417 turns).

Chiseanne the Fighter (Demonspawn Wanderer)        Turns: 12417, Time: 00:28:30

Health: -1/90      AC: 12    Str: 16    XL:     11   Next: 38%
Magic:  0/11       EV: 13    Int: 12    God:    Gozag
Gold:   936        SH:  7    Dex: 15    Spells: 10/10 levels left

rFire   . . .        a - +3 rapier (speed)
rCold   . . .        c - +1 buckler
rNeg    . . .        x - +0 scale mail
rPois   .            h - +0 helmet
rElec   .            b - scarf {repulsion}
rCorr   .            w - +0 pair of gloves
SInv    .            (no boots)
Will    .....        (no amulet) Stlth
                     (no ring)
HPRegen 0.35/turn    (no ring)
MPRegen 0.24/turn

%: repel missiles, guardian spirit
@: lethally poisoned (-1 -> -13), hasted, very quick
A: foul stench 2, magic shield, magic regeneration, sharp scales 1, demonic
touch 2
a: Renounce Religion, Potion Petition, Call Merchant, Bribe Branch


You were on level 12 of the Dungeon.
You worshipped Gozag.
Gozag was pleased with you.
You visited 2 branches of the dungeon, and saw 12 of its levels.

You collected 1674 gold pieces.
You spent 203 gold pieces at shops.
You paid 535 gold pieces to Gozag.

Inventory:

Hand Weapons
 a - a +3 rapier of speed (weapon)
 s - a +1 dagger of venom
 z - a +1 heavy flail
 B - a +1 war axe
Missiles
 d - 2 curare-tipped darts
 f - 2 silver javelins (quivered)
 m - 49 stones
 q - 2 throwing nets
 r - 11 boomerangs
 u - 18 poisoned darts
Armour
 b - a scarf of repulsion (worn)
 c - a +1 buckler (worn)
 h - a +0 helmet (worn)
 w - a +0 pair of gloves (worn)
 x - a +0 scale mail (worn)
Jewellery
 l - a ring of ice
Wands
 D - a wand of digging (1)
Scrolls
 e - 3 scrolls of fear
 i - a scroll of magic mapping
 j - 2 scrolls of poison
 o - 3 scrolls of teleportation
 t - 2 scrolls of blinking
 y - a scroll of fog
Potions
 g - 5 potions of mutation
 k - a potion of curing
 n - a potion of lignification
 p - 3 potions of haste
 v - a potion of resistance
 A - a potion of flight
 C - a potion of brilliance


   Skills:
 * Level 10.0 Fighting
 - Level 2.6(2.8) Axes
 - Level 1.0(2.0) Polearms
 * Level 8.4 Armour
 * Level 8.3 Dodging
 * Level 8.3 Shields


You had 10 spell levels left.
You didn't know any spells.
Your spell library contained the following spells:

 Spells                   Type           Power      Damage    Failure   Level
 Lesser Beckoning         Tloc           0%         N/A       88%         2
 Frozen Ramparts          Ice            0%         1d1       98%         3
 Gell's Gravitas          Tloc           0%         N/A       98%         3
 Portal Projectile        Hex/Tloc       0%         N/A       98%         3
 Teleport Other           Tloc           0%         N/A       98%         3
 Tukima's Dance           Hex            0%         N/A       98%         3
 Ice Form                 Ice/Tmut       0%         N/A       100%        4
 Summon Ice Beast         Ice/Summ       0%         N/A       100%        4
 Blade Hands              Tmut           0%         N/A       100%        5


Dungeon Overview and Level Annotations

Branches:
Dungeon (12/15)            Temple (1/1) D:5             Orc (0/2) D:11
   Lair: D:8-11

Altars:
Ashenzari
Dithmenos
Gozag
Hepliaklqana
Kikubaaqudgha
Nemelex Xobeh
Okawaru
Qazlal
Ru
Sif Muna
Uskayaw
Wu Jian
Xom
Yredelemnul

Shops:
D:6 *   D:7 :   D:9 :   D:10 (   D:11 [

Annotations:
D:4 3 runed translucent doors, Rihmasto's ghost, amateur MiBe
D:10 1 runed translucent door, Josephine; elbjorno's ghost, journeyman TeGl
D:11 Maurice
D:12 Nessos


Innate Abilities, Weirdness & Mutations

You sometimes emit foul miasma when damaged in melee.
When hurt, damage is shared between your health and your magic reserves.
You regenerate magic rapidly.
You are partially covered in razor-sharp scales. (AC +1, Slay +1)
Your touch may inflict irresistible damage on your foes.


Message History

The arrow closely misses you.
Nessos shoots an arrow.
You block the arrow.
Nessos shoots an arrow.
The arrow hits you!
* * * LOW HITPOINT WARNING * * *
The arrow burns you.
You are poisoned.
* * * LOW HITPOINT WARNING * * *
You feel sick.
Nessos shoots an arrow.
The arrow barely misses you.
You feel sick.
You feel better.
You feel better. Nessos says, "I'll learn you. I'll learn you yet!"
Nessos mumbles some strange words.
Nessos blinks!
Okay, then.
Okay, then.
Nessos shoots an arrow.
The arrow hits you!
* * * LOW HITPOINT WARNING * * *
The arrow burns you.
You are poisoned.
* * * LOW HITPOINT WARNING * * *
* * * LOW HITPOINT WARNING * * *
You feel very sick.
Nessos casts a spell.
Nessos blinks!
You feel sick.
You feel sick.
You feel sick.
Aiming: Dig
Press: ? - help, Shift-Dir - straight line A rock wall.
The rock shatters into small pieces.
You feel sick.
You feel sick.
You feel sick.
You feel sick.
Nessos shoots an arrow.
The arrow hits you!
* * * LOW HITPOINT WARNING * * *
The arrow burns you.
You are more poisoned.
You die...
Your body crumbles into a pile of gold.

..............#
#.............
..............##
#.....#.......
...............#
#.....##.....#
##.............#
#.....##....##
##............##
#.....##...##
##............#
#......###..#
##..........###.#.....#
#..#
#.........###.##.....#
#..# #........###@#
#..c..###..#
#.......###.##
#....###...##
###.....##.##
##....##.....##
###....c##
##.....#...#...#
##.....###.#.......###...
##...#...#.......## ##..
##.....#...##...# ###
#........####..# #
##......## #..#


You could see Nessos (fast, very poisoned).

Vanquished Creatures
  A boulder beetle (D:12)
  2 two-headed ogres
  Pikel (D:7)
  A centaur zombie (D:10)
  2 unseen horrors (D:12)
  An unseen horror zombie (D:10)
  A kobold demonologist (D:11)
  A troll (D:12)
  3 shadows
  A vampire (D:10)
  A wyvern (D:7)
  18 yaks
  Edmund (D:6)
  2 vampire mosquitoes (D:12)
  2 acid dragons
  Duvessa (D:6)
  A water moccasin (D:7)
  An ice beast (D:5)
  4 sky beasts
  2 orc warriors
  An ogre (D:5)
  3 centaurs
  A kobold brigand (D:6)
  4 lemures (D:7)
  4 bullfrogs
  A gnoll sergeant (D:10)
  A scorpion (D:5)
  4 wights (D:8)
  Dowan (D:6)
  4 killer bees (D:8)
  2 howler monkeys
  3 hounds
  2 jellies
  5 orc priests
  A sleepcap (D:6)
  Terence (D:2)
  Natasha (D:2)
  2 iguanas
  5 orc wizards
  5 gnolls (D:10)
  2 adders
  A shadow imp (D:7)
  3 white imps
  An ufetubus (D:5)
  2 worms (D:2)
  26 orcs
  A ball python (D:2)
  5 endoplasms
  A giant cockroach (D:1)
  10 hobgoblins
  10 jackals
  7 kobolds
  3 quokkas
  7 bats
  3 frilled lizards (D:2)
  5 goblins
  2 rats
187 creatures vanquished.

Notes
Turn   | Place    | Note
-------+----------+-------------------------------------------
     0 | D:1      | Chiseanne the Demonspawn Wanderer began the quest for the
                  | Orb.
     0 | D:1      | Chiseanne set off with the following items: a +0 war axe, a
                  | +0 spear, a +0 buckler, a scroll of blinking, a +0 leather
                  | armour.
     0 | D:1      | Reached XP level 1. HP: 19/19 MP: 1/1
    92 | D:1      | Found a faded altar of an unknown god.
   245 | D:1      | Gained mutation: You may rarely emit foul miasma when
                  | damaged in melee. [demonic ancestry]
   245 | D:1      | Reached XP level 2. HP: 22/25 MP: 2/2
   947 | D:2      | Reached skill level 1 in Dodging
   977 | D:2      | Gained mutation: You are partially covered in razor-sharp
                  | scales. (AC +1, Slay +1) [demonic ancestry]
   977 | D:2      | Reached XP level 3. HP: 27/30 MP: 3/3
  1028 | D:2      | Noticed Natasha
  1034 | D:2      | Noticed Terence
  1037 | D:2      | Killed Natasha
  1045 | D:2      | Killed Terence
  1046 | D:2      | Gained mutation: Your touch may inflict minor irresistible
                  | damage on your foes. [demonic ancestry]
  1046 | D:2      | Reached XP level 4. HP: 13/38 MP: 4/4
  1530 | D:2      | You fall into a shaft and drop 2 floors!
  1542 | D:4      | Found a runed translucent gate.
  1543 | D:4      | Found a runed translucent gate.
  1543 | D:4      | Found a runed translucent gate.
  1578 | D:4      | Noticed Rihmasto's ghost (amateur MiBe)
  1658 | D:4      | Found a hide-covered altar of Uskayaw.
  1659 | D:4      | Found a shimmering blue altar of Sif Muna.
  1660 | D:4      | Found an ancient bone altar of Kikubaaqudgha.
  1787 | D:5      | Entered Level 5 of the Dungeon
  1841 | D:5      | Found a staircase to the Ecumenical Temple.
  1841 | D:5      | Noticed a bullfrog
  1854 | D:5      | Killed a bullfrog
  1855 | D:5      | Gained mutation: You regenerate magic rapidly. [demonic
                  | ancestry]
  1855 | D:5      | Reached XP level 5. HP: 37/43 MP: 5/5
  1869 | Temple   | Entered the Ecumenical Temple
  1883 | Temple   | Became a worshipper of Gozag Ym Sagoz the Greedy
  1919 | D:5      | Noticed an ogre
  1926 | D:5      | Killed an ogre
  1927 | D:5      | Reached skill level 5 in Fighting
  1927 | D:5      | Reached XP level 6. HP: 51/51 MP: 6/6
  2629 | D:5      | Noticed an ice beast
  2637 | D:5      | Killed an ice beast
  2638 | D:5      | Gained mutation: Your touch may inflict irresistible damage
                  | on your foes. [demonic ancestry]
  2638 | D:5      | Reached XP level 7. HP: 45/56 MP: 7/7
  2784 | D:6      | Noticed Duvessa
  2784 | D:6      | Noticed Dowan
  2793 | D:6      | Killed Duvessa
  2796 | D:6      | Killed Dowan
  2975 | D:6      | Found Laexzafo's Assorted Antiques.
  2982 | D:6      | Bought a glowing rapier for 203 gold pieces
  3421 | D:6      | Reached skill level 6 in Fighting
  3493 | D:6      | Reached XP level 8. HP: 42/64 MP: 8/8
  3599 | D:6      | Noticed Edmund
  3625 | D:6      | Killed Edmund
  4111 | D:6      | Found a sparkling altar of Nemelex Xobeh.
  4508 | D:7      | Found a hazy altar of Hepliaklqana.
  4964 | D:7      | Reached skill level 5 in Armour
  4970 | D:7      | Reached skill level 7 in Fighting
  4970 | D:7      | Reached skill level 5 in Shields
  5201 | D:7      | Reached skill level 5 in Dodging
  5305 | D:7      | Found Qyloew's Book Shop.
  5578 | D:7      | Noticed Pikel
  5593 | D:7      | Killed Pikel
  5594 | D:7      | Gained mutation: When hurt, damage is shared between your
                  | health and your magic reserves. [demonic ancestry]
  5594 | D:7      | Reached XP level 9. HP: 59/72 MP: 9/9
  6953 | D:8      | Reached skill level 8 in Fighting
  7334 | D:9      | Found Kutsapt's Book Shoppe.
  7703 | D:9      | Noticed a two-headed ogre
  7722 | D:9      | Killed a two-headed ogre
  7723 | D:9      | Gained mutation: You sometimes emit foul miasma when
                  | damaged in melee. [demonic ancestry]
  7723 | D:9      | Reached XP level 10. HP: 68/81 MP: 7/10
  8538 | D:10     | Entered Level 10 of the Dungeon
  8989 | D:10     | Reached skill level 9 in Fighting
  9326 | D:10     | HP: 1/83 [shadow (6)]
  9771 | D:10     | Noticed Josephine
  9951 | D:10     | Noticed elbjorno's ghost (journeyman TeGl)
  9951 | D:10     | Found a runed translucent door.
 10170 | D:11     | Noticed a sixfirhy
 10243 | D:11     | Reached XP level 11. HP: 35/89 MP: 4/11
 10405 | D:11     | Noticed Maurice
 10464 | D:11     | Found Qiobrusk's Armour Shoppe.
 10464 | D:11     | Found a staircase to the Orcish Mines.
 10479 | D:11     | Noticed a green ugly thing
 10690 | D:12     | Chiseanne: it completely sucks what you losers do.you dont
                  | even bother thinking about a good challenge...just oneshot
                  | them and..DONE
 10695 | D:12     | Chiseanne: just overwhelm..thats the way! suckers
 11472 | D:12     | Identified the +6 war axe of the Mauling Puffin {heavy,
                  | rElec Stlth+}
 11662 | D:12     | Noticed a boulder beetle
 11686 | D:12     | Killed a boulder beetle
 11731 | D:12     | Noticed a two-headed ogre
 11745 | D:12     | Killed a two-headed ogre
 12003 | D:12     | Reached skill level 10 in Fighting
 12383 | D:12     | Noticed Nessos
 12417 | D:12     | HP: 1/90 [Nessos/arrow (5)]
 12417 | D:12     | Shot with an arrow by Nessos

Illustrated notes

Levels and vault maps discovered:
D:1:      shiori_arrival_maze, layout_basic, ebering_ecumenical_altar_petrified,
          corexii_item_surrounded_by_moat, nicolae_kite_square_tiling_tiny
D:2:      layout_loops_corners, minmay_splitting_lines, uniq_terence,
          uniq_natasha
D:4:      nicolae_cairo_tiling_large, layout_layer_cave, bloody_makhleb,
          mainiacjoe_overflow_alcove_2, mainiacjoe_overflow_tiny_flanked,
          gammafunk_temple_overflow_forgotten, gammafunk_ghost_split,
          chequers_serial_rivers_large_a, minmay_misc_feat_nine_boxes,
          uniq_eustachio
D:5:      layout_basic, minmay_temple_entry_tees, chequers_serial_rivers_marsh
D:6:      layout_gridville, nemelex_diamond_rough_becter, serial_shops,
          nicolae_shop_overgrown_old_shop, uniq_duvessa, uniq_edmund
D:7:      layout_layer_cave, worldfamousw_hep_ancestral_shrine, serial_shops,
          nicolae_shop_real_fake_doors, uniq_pikel
D:8:      layout_loops_ring
D:9:      layout_loops_ring, serial_shops, shop
D:10:     layout_long_grid, enter_bailey_3, serial_undead, serial_undead_a,
          serial_undead_d, serial_undead_e, serial_undead_a, serial_undead_a,
          serial_undead_b, serial_undead_a, serial_undead_a,
          gammafunk_ghost_grave, uniq_josephine
D:11:     layout_cross, erik_lair_dragon, orc_david_3, serial_shops,
          kennysheep_mini, serial_park, serial_park_square3
          [serial_park_minivault_5x5_7], serial_park_tiny_pond,
          serial_park_square3 [serial_park_minivault_5x5_2], zin_purify,
          uniq_maurice
D:12:     layout_cave_pods, minmay_guarded_unrand_zonguldrok, uniq_nessos
Temple:   nicolae_temple_ecumenical_triangle

Skill      XL: |  1  2  3  4  5  6  7  8  9 10 11 |
---------------+----------------------------------+-----
Dodging        | 1 2 3 5 6 7 8 |  8.3
Armour         | 2 3 4 5 6 7 8 |  8.4
Shields        | 2 3 4 5 6 7 8 |  8.3
Fighting       | 5 6 7 8 9 10 | 10.0
Axes           | |  2.6
Polearms       | |  1.0

Action                     |  1- 3 |  4- 6 |  7- 9 | 10-12 || total
---------------------------+-------+-------+-------+-------++-------
  Melee: War axe           |    67 |   118 |    11 |    19 ||   215
         Rapier            |       |       |   345 |   192 ||   537
         Dagger            |       |       |    43 |   242 ||   285
  Throw: Javelin           |       |     7 |     5 |     1 ||    13
         Dart              |       |       |    42 |     4 ||    46
         Stone             |       |       |     1 |       ||     1
 Invoke: Call Merchant     |       |       |       |     1 ||     1
  Evoke: Wand              |       |     2 |    13 |     8 ||    23
    Use: Scroll            |     6 |     1 |     8 |     9 ||    24
         Potion            |       |       |       |     6 ||     6
   Stab: Sleeping          |       |     1 |       |       ||     1
         Paralysed         |       |       |    17 |       ||    17
 Armour: Leather armour    |    19 |    51 |     3 |       ||    73
         Ring mail         |       |       |    86 |       ||    86
         Scale mail        |       |       |     7 |   226 ||   233
  Dodge: Dodged            |    42 |    89 |   198 |   251 ||   580
         Repelled          |       |       |       |     1 ||     1
  Block: Buckler           |    16 |    29 |    83 |   183 ||   311
